 Dungeon Crawl Stone Soup version 0.30.1-11-g7821555f0a (webtiles) character file.

Game seed: 10961564239145796300

30 KyoPewz the Carver (level 3, 0/25 HPs)
             Began as a Gnoll Wanderer on Jan 6, 2024.
             Slain by Natasha (8 damage)
             ... on level 2 of the Dungeon.
             The game lasted 00:01:53 (681 turns).

KyoPewz the Carver (Gnoll Wanderer)                  Turns: 681, Time: 00:01:53

Health: 0/25       AC:  4    Str: 16    XL:     3   Next: 20%
Magic:  4/4        EV: 12    Int:  7    God:
Gold:   60         SH:  0    Dex: 12    Spells: 3/3 levels left

rFire   . . .        a - +2 falchion
rCold   . . .        (no shield)
rNeg    . . .        e - +0 leather armour
rPois   .            (no helmet)
rElec   .            (no cloak)
rCorr   .            c - +0 pair of gloves
SInv    .            (no boots)
Will    .....        (no amulet)
Stlth   +            (no ring)
HPRegen 0.24/turn    (no ring)
MPRegen 0.09/turn

%: no passive effects
@: slowed, very slow
A: fangs 1, strong nose, distributed training
a: no special abilities


You were on level 2 of the Dungeon.
You visited 1 branch of the dungeon, and saw 2 of its levels.

You collected 60 gold pieces.

Inventory:

Hand Weapons
 a - a +2 falchion (weapon)
 b - a +0 spear
 d - a +0 trident
Missiles
 f - 5 stones (quivered)
Armour
 c - a +0 pair of gloves (worn)
 e - a +0 leather armour (worn)
Potions
 g - a potion of flight {unknown}
 h - a potion of haste


   Skills:
 + Level 0.7 Fighting
 + Level 0.7 Short Blades
 + Level 10.4 Long Blades
 + Level 0.7 Axes
 + Level 0.7 Maces & Flails
 + Level 2.6 Polearms
 + Level 0.7 Staves
 + Level 0.7 Ranged Weapons
 + Level 0.7 Throwing
 + Level 2.6 Armour
 + Level 2.6 Dodging
 + Level 0.7 Stealth
 + Level 0.7 Shields
 + Level 0.7 Unarmed Combat
 + Level 0.7 Spellcasting
 + Level 0.5 Conjurations
 + Level 0.5 Hexes
 + Level 0.5 Summonings
 + Level 0.5 Necromancy
 + Level 0.5 Translocations
 + Level 0.5 Transmutations
 + Level 0.5 Fire Magic
 + Level 0.5 Ice Magic
 + Level 0.5 Air Magic
 + Level 0.5 Earth Magic
 + Level 0.5 Poison Magic
 + Level 0.9 Invocations
 + Level 4.5 Evocations


You had 3 spell levels left.
You didn't know any spells.
Your spell library was empty.

Dungeon Overview and Level Annotations

Branches:
Dungeon (2/15)

Altars:

Annotations:
D:2 Natasha


Innate Abilities, Weirdness & Mutations

You have very sharp teeth.
Your uncanny sense of smell can sniff out nearby items.
Your experience applies equally to all skills.


Message History

Your library has no spells.
Magic restored.
Natasha, Servant of Life and Death comes into view.
Natasha hisses angrily.
Natasha casts a spell at you.
You feel yourself slow down.
MP restored: 4 Natasha casts a spell at you.
You feel as though you will be slow longer.
Natasha casts a spell at you. You resist with significant effort.
You miss Natasha. Natasha claws you.
You take 1 damage, and have 24/25 hp.
You hit Natasha. You bite Natasha.
Natasha is moderately wounded.
Natasha stares at you and mumbles some strange words.
The magic dart hits you. Natasha closely misses you.
You take 5 damage, and have 19/25 hp.
You barely miss Natasha.
Natasha is moderately wounded.
Natasha closely misses you.
You closely miss Natasha.
Natasha is moderately wounded.
Natasha claws you but does no damage.
You closely miss Natasha.
Natasha is moderately wounded.
Natasha casts a spell at you. You resist with significant effort.
You hit Natasha.
Natasha is heavily wounded.
Natasha claws you!
You take 8 damage, and have 12/25 hp.
MASSIVE DAMAGE!!
You barely miss Natasha.
Natasha is heavily wounded.
Natasha claws you.
You take 4 damage, and have 8/25 hp.
You hit Natasha but do no damage.
Natasha is heavily wounded.
Natasha claws you!
You die...

#########
.#.......#
.#.......##
.#........#
###########
.#........#
#..@h......
.#........#
#.########.
.##+#.†...# #.#
.##.#.##..# #.#
>......#†.# #.#∆
.##.####..####.#
...... #.......#
.##.##.#.#######
∆ ....#
#.......#


You could see Natasha.

Vanquished Creatures
  An adder (D:2)
  2 ball pythons (D:1)
  A bat (D:2)
  4 endoplasms (D:1)
  2 goblins (D:1)
  A hobgoblin (D:1)
  2 kobolds (D:1)
  A quokka (D:1)
  2 frilled lizards (D:1)
  3 rats
19 creatures vanquished.

Notes
Turn   | Place    | Note
-------+----------+-------------------------------------------
     0 | D:1      | Reached skill level 10 in Long Blades
     0 | D:1      | KyoPewz the Gnoll Wanderer began the quest for the Orb.
     0 | D:1      | KyoPewz set off with the following items: a +2 falchion, a
                  | +0 spear, a +0 pair of gloves, a +0 leather armour, a
                  | potion of haste.
     0 | D:1      | Reached XP level 1. HP: 13/13 MP: 1/1
    85 | D:1      | Reached XP level 2. HP: 19/19 MP: 2/2
   635 | D:2      | Reached XP level 3. HP: 25/25 MP: 2/4
   671 | D:2      | Noticed Natasha
   681 | D:2      | Slain by Natasha

Illustrated notes

Levels and vault maps discovered:
D:1:      mrwooster_arrival_statue_2, layout_basic
D:2:      layout_basic, serial_shops, nicolae_shop_rolling_square, uniq_natasha,
          uniq_crazy_yiuf_cottage

Skill      XL: | |
---------------+-+-----
Long Blades    | | 10.4
Fighting       | |  0.7
Short Blades   | |  0.7
Axes           | |  0.7
Maces & Flails | |  0.7
Polearms       | |  2.6
Staves         | |  0.7
Ranged Weapons | |  0.7
Throwing       | |  0.7
Armour         | |  2.6
Dodging        | |  2.6
Stealth        | |  0.7
Shields        | |  0.7
Unarmed Combat | |  0.7
Spellcasting   | |  0.7
Conjurations   | |  0.5
Hexes          | |  0.5
Summonings     | |  0.5
Necromancy     | |  0.5
Translocations | |  0.5
Transmutations | |  0.5
Fire Magic     | |  0.5
Ice Magic      | |  0.5
Air Magic      | |  0.5
Earth Magic    | |  0.5
Poison Magic   | |  0.5
Invocations    | |  0.9
Evocations     | |  4.5

Action                     || total
---------------------------++-------
  Melee: Falchion          ||    53
         Bite              ||     4
   Stab: Sleeping          ||     1
 Armour: Leather armour    ||     9
  Dodge: Dodged            ||    23
